 Dungeon Crawl Stone Soup version 0.22-a0-346-ga714374 (webtiles) character file.

258922 xccam the Epochal (level 19, -5/149 HPs)
             Began as a Gnoll Wanderer on Apr 6, 2018.
             Was an Elder of Cheibriados.
             Shot with a bolt by a yaktaur captain (37 damage)
             ... on level 1 of the Vaults.
             The game lasted 02:17:28 (34308 turns).

xccam the Epochal (Gnoll Wanderer)                 Turns: 34308, Time: 02:17:28

Health: -5/149     AC: 28    Str: 30    XL:     19   Next: 88%
Magic:  35/35      EV: 17    Int: 24    God:    Cheibriados [****..]
Gold:   1682       SH: 17    Dex: 27    Spells: 31/43 levels left

rFire    + + .     SeeInvis .   k - +12 Maxwell's thermic engine {flame, freeze, rF- rC-}
rCold    + + .     Gourm    .   O - +2 shield of Resistance {rF+ rC+ MR+}
rNeg     . . .     Faith    .   m - +0 crystal plate armour
rPois    +         Spirit   .   o - +2 hat
rElec    .         Reflect  .   I - scarf {rC+ rF+}
rCorr    .         Harm     .   C - +1 pair of gloves of Adallitido {rF+}
MR       ++...                  r - +0 pair of boots
Stlth    ..........             j - amulet "Juhas" {Regen+ Int+2}
HPRegen  0.34/turn              D - ring of protection from cold
MPRegen  0.24/turn              F - ring of poison resistance

@: lethally poisoned (-5 -> -9), marked, very slow
A: distributed training, fangs 1, strong nose
}: 2/15 runes: barnacled, gossamer
a: Bend Time, Temporal Distortion, Slouch, Renounce Religion


You were on level 1 of the Vaults.
You worshipped Cheibriados.
Cheibriados was greatly pleased with you.
You were hungry.

You visited 7 branches of the dungeon, and saw 33 of its levels.
You also visited: Labyrinth.

You collected 2846 gold pieces.
You spent 1164 gold pieces at shops.

Inventory:

Hand Weapons
 b - the +11 plutonium sword {*Contam Stlth-}
   (You found it in a labyrinth)

   It causes magical contamination when unequipped.
   It makes you less stealthy.
 k - the +12 Maxwell's thermic engine (weapon) {flame, freeze, rF- rC-}
   (You acquired it on level 6 of the Dungeon)

   It has been specially enchanted to burn those struck by it, causing extra
   injury to most foes and up to half again as much damage against particularly
   susceptible opponents.
   Big, fiery blades are also staple armaments of hydra-hunters.
   It makes you vulnerable to fire.
   It makes you vulnerable to cold.
 R - a +4 eveningstar of crushing
Missiles
 E - 5 poisoned javelins (quivered)
 W - 74 javelins
Armour
 m - a +0 crystal plate armour (worn)
 o - a +2 hat (worn)
 r - a +0 pair of boots (worn)
 y - a +0 cloak of poison resistance
 C - the +1 pair of gloves of Adallitido (worn) {rF+}
   (You found it on level 14 of the Dungeon)

   It protects you from fire.
 I - a scarf of resistance (worn)
 O - the +2 shield of Resistance (worn) {rF+ rC+ MR+}
   (You bought it in a shop on level 7 of the Dungeon)

   It protects you from fire.
   It protects you from cold.
   It affects your resistance to hostile enchantments.
Jewellery
 j - the amulet "Juhas" (around neck) {Regen+ Int+2}
   (You found it in a labyrinth)

   [amulet of regeneration]

   It affects your intelligence (+2).
   It increases your rate of regeneration.
 p - an uncursed ring of protection from fire
 q - the ring of Shadows {Umbra +Inv Stlth+}
   (You found it on level 6 of the Lair of Beasts)

   [ring of stealth]

   It lets you turn invisible.
   It makes you more stealthy.
 A - an uncursed ring of see invisible
 B - the amulet "Duociebb" {+Rage rC+ rN+ Str-2 Dex+3 SInv}
   (You found it on level 6 of the Lair of Beasts)

   [amulet of rage]

   It affects your strength (-2).
   It affects your dexterity (+3).
   It protects you from cold.
   It protects you from negative energy.
   It lets you see invisible.
   It lets you go berserk.
 D - a ring of protection from cold (left hand)
 F - a ring of poison resistance (right hand)
 H - an uncursed ring of resist corrosion
Wands
 a - a wand of flame (63)
 t - a wand of acid (9)
 w - a wand of clouds (1)
 x - a wand of iceblast (22)
 T - a wand of disintegration (19)
 U - a wand of digging (37)
 X - a wand of polymorph (20)
Scrolls
 f - 12 scrolls of remove curse
 g - 14 scrolls of teleportation
 n - 4 scrolls of fog
 G - 5 scrolls of magic mapping
 J - 6 scrolls of enchant weapon
 K - 5 scrolls of amnesia
 L - a scroll of silence
 P - 6 scrolls of immolation
 Q - a scroll of fear
 V - 2 scrolls of enchant armour
 Z - a scroll of identify
Potions
 c - 10 potions of curing
 e - 2 potions of resistance
 h - 3 potions of invisibility
 i - 2 potions of cancellation
 l - 4 potions of agility
 s - 5 potions of mutation
 u - 5 potions of brilliance
 v - 4 potions of flight
 z - a potion of magic
 N - 3 potions of might
 S - a potion of heal wounds
 Y - a potion of ambrosia
Comestibles
 d - 53 rations


   Skills:
 + Level 13.1 Fighting
 + Level 12.9 Short Blades
 + Level 12.9 Long Blades
 + Level 12.9 Axes
 + Level 12.9 Maces & Flails
 + Level 12.9 Polearms
 + Level 13.5 Staves
 + Level 12.9 Slings
 + Level 13.5 Bows
 + Level 12.9 Crossbows
 + Level 13.1 Throwing
 + Level 13.1 Armour
 + Level 13.5 Dodging
 + Level 12.9 Stealth
 + Level 13.1 Shields
 + Level 12.9 Unarmed Combat
 + Level 12.9 Spellcasting
 + Level 11.0 Conjurations
 + Level 11.0 Hexes
 + Level 11.0 Charms
 + Level 11.0 Summonings
 + Level 11.0 Necromancy
 + Level 11.0 Translocations
 + Level 11.0 Transmutations
 + Level 11.0 Fire Magic
 + Level 11.0 Ice Magic
 + Level 11.0 Air Magic
 + Level 11.0 Earth Magic
 + Level 11.0 Poison Magic
 + Level 13.9 Invocations
 + Level 12.9 Evocations


You had 31 spell levels left.
You knew the following spells:

 Your Spells              Type           Power        Failure   Level  Hunger
a - Blink                 Tloc           N/A          1%          2    None
b - Passwall              Tmut/Erth      ######....   1%          2    None
c - Lesser Beckoning      Tloc           ######....   3%          3    None
d - Silence               Hex/Air        ######....   26%         5    ###....


Dungeon Overview and Level Annotations

Branches:
Dungeon (15/15)            Temple (1/1) D:5            Lair (6/6) D:11
 Shoals (4/4) Lair:4       Spider (4/4) Lair:2        Slime (0/5) Lair:6
    Orc (2/2) D:9             Elf (0/3) Orc:2        Vaults (1/5) D:14
 Depths (0/5) D:15

Altars:
Ashenzari
Cheibriados
Dithmenos
Elyvilon
Fedhas
Gozag
Hepliaklqana
Kikubaaqudgha
Makhleb
Nemelex Xobeh
Okawaru
Qazlal
Ru
Sif Muna
Trog
Vehumet
Wu Jian
Xom
Yredelemnul
The Shining One
Beogh
Jiyva

Shops:
D:4 *?%   D:6 *   D:7 [   D:13 (   Orc:2 *=*%*


Innate Abilities, Weirdness & Mutations

Your experience applies equally to all skills.
You have very sharp teeth.
Your uncanny sense of smell can sniff out nearby items.


Message History

The bolt barely misses you.
The wolf spider is engulfed in poison gas.
The wolf spider looks as sick as possible!
Throwing (i - inventory. (/) - cycle)
E - 6 poisoned javelins (quivered)
Press: ? - help, Shift-Dir - straight line, f - vault warden
Aim: a vault warden, wielding a bardiche of venom and wearing a shiny chain mail (poison gas, heavily wounded, unusually strong, poisoned)
You throw a poisoned javelin.
The poisoned javelin hits the vault warden!!!
You kill the vault warden!
Cheibriados appreciates the change of pace.
The wolf spider is engulfed in poison gas.
The wolf spider looks as sick as possible!
The yaktaur is engulfed in poison gas.
The yaktaur looks as sick as possible!
Something hits you but does no damage.
Deactivating autopickup; reactivate with Ctrl-A.
The yaktaur is engulfed in poison gas.
The yaktaur looks even sicker.
The yaktaur captain is engulfed in poison gas.
The yaktaur captain looks even sicker.
The yaktaur captain wields an arbalest.
The yaktaur captain shoots a bolt.
The bolt hits you!!!
You die...

#..#.....[
#..#.#.#.#
#..#...
#..###+#
#..#...#
#..#.#.#
#..#...
#..# ###
#.@# #)§#
#§§# #cc#
#sc# #§cp
#.pe.
#.....
#.....p


You could see an ironheart preserver, a yaktaur captain, a wolf spider, a deep
elf demonologist, a vault sentinel and 3 yaktaurs.

Vanquished Creatures
  Arachne (Spider:4)
  The ghost of Amnesiac the Stormcaller, an adept TeAE of Ashenzari (Shoals:4)
  A kraken (Shoals:4)
  The ghost of Moloch the Executioner, an adept MiFi of Okawaru (Shoals:4)
  The ghost of RoseArtemis the Executioner, an adept MiFi of Okawaru (Spider:3)
  Roxanne (D:14)
  Donald (Lair:4)
  Kirke (D:13)
  Ilsuiw (Shoals:4)
  An orc warlord (Orc:2)
  Aizul (Vaults:1)
  4 emperor scorpions
  Louise (D:15)
  2 ghost moths (Spider:4)
  A vault warden (Vaults:1)
  A stone giant (Shoals:1)
  5 entropy weavers
  A dire elephant (Lair:3)
  A minotaur (Lab)
  3 spark wasps
  Snorg (D:10)
  7 merfolk javelineers (Shoals:4)
  Josephine (Shoals:1)
  13 merfolk impalers
  The ghost of Anon1729 the Covert, a journeyman DsFE of Ashenzari (D:13)
  10 hydras
  2 vault guards (Vaults:1)
  An alligator snapping turtle (Shoals:4)
  4 two-headed ogres
  A catoblepas (Lair:4)
  3 merfolk avatars
  4 merfolk aquamancers (Shoals:4)
  7 dancing weapons (Spider:1)
  5 satyrs
  A shock serpent (shapeshifter) (D:14)
  7 death yaks
  An orc high priest (Orc:1)
  2 tengu warriors (D:13)
  Urug (D:13)
  13 sea snakes
  The ghost of Nib the Covert, a novice OpAs of Okawaru (D:7)
  An unseen horror (shapeshifter) (D:13)
  5 unseen horrors
  Pikel (D:6)
  An ironbrand convoker (Vaults:1)
  5 oklob plants
  4 orc knights
  A necromancer (D:15)
  55 wolf spiders
  19 orb spiders
  9 orc sorcerers
  A wolf spider zombie (D:12)
  16 harpies
  12 fauns
  2 deep elf magi
  17 cyclopes
  9 manticores
  5 ugly things
  27 elephants
  3 moths of wrath (Spider:4)
  8 merfolk sirens
  A naga mage (D:15)
  2 vault sentinels (Vaults:1)
  Joseph (D:7)
  4 black mambas
  2 torpor snails
  3 water nymphs
  2 centaur zombies
  24 spiny frogs
  Psyche (D:9)
  3 rime drakes
  10 demonic crawlers
  4 gargoyles
  10 komodo dragons
  A kobold demonologist (D:12)
  A freezing wraith (D:11)
  3 redback zombies
  31 merfolk
  8 trolls
  34 jumping spiders
  A hornet (shapeshifter) (D:14)
  6 hornets
  5 tyrant leeches (Lair:6)
  3 polar bears
  16 blink frogs
  6 slime creatures
  10 snapping turtles
  8 wind drakes
  9 dream sheep
  9 hippogriffs
  A spriggan (Lair:3)
  4 shadows
  A centaur simulacrum (D:15)
  4 wyverns
  95 redbacks
  3 water elementals
  38 tarantellas
  3 wraiths (Shoals:1)
  A vampire (D:15)
  A hog (shapeshifter) (D:14)
  39 yaks
  Grum (Lair:1)
  2 hogs (D:13)
  6 hungry ghosts
  A steam dragon (D:11)
  5 vampire mosquitoes (Lair:6)
  14 wargs
  A soldier ant (D:15)
  An acid dragon (D:14)
  15 water moccasins
  Duvessa (D:7)
  11 porcupines
  7 sky beasts
  2 necrophages
  46 orc warriors
  5 ice beasts
  3 phantoms
  3 black bears
  An eye of draining (D:12)
  A hornet zombie (D:15)
  10 ogres
  4 boggarts (D:15)
  17 wolves
  12 centaurs
  18 crocodiles
  3 big kobolds
  33 bullfrogs
  Blork the orc (D:15)
  Dowan (D:7)
  6 scorpions
  3 killer bees (D:13)
  3 howler monkeys
  6 crimson imps
  3 bullfrog zombies
  3 jellies
  2 quasits
  6 hounds
  41 orc wizards
  21 orc priests
  3 bullfrog skeletons
  6 centaur skeletons
  4 iguanas
  9 worker ants
  A hound skeleton (D:9)
  3 worker ant zombies
  6 gnolls
  7 adders
  4 shadow imps
  3 adder skeletons
  2 worms (D:4)
  2 dart slugs (D:1)
  8 leopard geckos
  107 orcs
  12 bats
  7 giant cockroaches
  7 goblins
  5 hobgoblins
  7 jackals
  4 quokkas
  2 frilled lizards
  20 kobolds
  A quokka zombie (D:4)
  4 rats
  A bush (Lair:1)
  A fungus (Lair:4)
  14 plants
  3 tentacles (Shoals:4)
1297 creatures vanquished.

Vanquished Creatures (others)
  A human (D:13)
  2 slaves (D:7)
  A boggart (D:15)
  An orc wizard (D:6)
  A hound (D:6)
  An orc (D:13)
  68 fungi
  55 plants
  10 tentacles (Shoals:4)
140 creatures vanquished.

Grand Total: 1437 creatures vanquished

Notes
Turn   | Place    | Note
-------+----------+-------------------------------------------
     0 | D:1      | xccam the Gnoll Wanderer began the quest for the Orb.
     0 | D:1      | xccam set off with: a +2 scale mail, a +0 quarterstaff, a potion of curing, a ration
     0 | D:1      | Reached XP level 1. HP: 17/17 MP: 1/1
   212 | D:1      | Reached XP level 2. HP: 23/23 MP: 2/2
   323 | D:1      | Reached XP level 3. HP: 21/28 MP: 3/3
   865 | D:2      | Reached skill level 1 in Invocations
   882 | D:2      | Found an ornate altar of the Wu Jian Council.
   942 | D:2      | Found a bloodstained altar of Trog.
  1078 | D:2      | Found a stormy altar of Qazlal.
  1172 | D:2      | Reached skill level 1 in Short Blades
  1172 | D:2      | Reached skill level 1 in Long Blades
  1172 | D:2      | Reached skill level 1 in Axes
  1172 | D:2      | Reached skill level 1 in Maces & Flails
  1172 | D:2      | Reached skill level 1 in Polearms
  1172 | D:2      | Reached skill level 1 in Slings
  1172 | D:2      | Reached skill level 1 in Crossbows
  1172 | D:2      | Reached skill level 1 in Stealth
  1172 | D:2      | Reached skill level 1 in Unarmed Combat
  1172 | D:2      | Reached skill level 1 in Spellcasting
  1172 | D:2      | Reached skill level 1 in Evocations
  1172 | D:2      | Reached XP level 4. HP: 17/34 MP: 5/5
  1854 | D:3      | Found a radiant altar of Vehumet.
  1969 | D:3      | Reached skill level 1 in Conjurations
  1969 | D:3      | Reached skill level 1 in Hexes
  1969 | D:3      | Reached skill level 1 in Charms
  1969 | D:3      | Reached skill level 1 in Summonings
  1969 | D:3      | Reached skill level 1 in Necromancy
  1969 | D:3      | Reached skill level 1 in Translocations
  1969 | D:3      | Reached skill level 1 in Transmutations
  1969 | D:3      | Reached skill level 1 in Fire Magic
  1969 | D:3      | Reached skill level 1 in Ice Magic
  1969 | D:3      | Reached skill level 1 in Air Magic
  1969 | D:3      | Reached skill level 1 in Earth Magic
  1969 | D:3      | Reached skill level 1 in Poison Magic
  2324 | D:3      | Reached XP level 5. HP: 18/40 MP: 5/7
  2881 | D:4      | Found Hafokue's Magic Scroll Emporium.
  2895 | D:4      | Found Dukux's General Store.
  2901 | D:4      | Bought a potion of curing for 39 gold pieces
  3139 | D:4      | Found a basalt altar of Yredelemnul.
  3200 | D:4      | Found Julisuta's Food Shoppe.
  3281 | D:4      | Reached XP level 6. HP: 41/47 MP: 8/8
  4044 | D:5      | Entered Level 5 of the Dungeon
  4058 | D:5      | Noticed a sky beast
  4064 | D:5      | Noticed an ice beast
  4071 | D:5      | Killed a sky beast
  4071 | D:5      | Reached skill level 5 in Staves
  4071 | D:5      | Reached skill level 5 in Bows
  4071 | D:5      | Reached skill level 5 in Dodging
  4081 | D:5      | Killed an ice beast
  4081 | D:5      | Reached XP level 7. HP: 52/52 MP: 10/10
  4150 | D:5      | Found a sacrificial altar of Ru.
  4374 | D:5      | Found a staircase to the Ecumenical Temple.
  4400 | Temple   | Entered the Ecumenical Temple
  4471 | Temple   | Became a worshipper of Cheibriados the Contemplative
  5044 | D:6      | Found a shimmering altar of Xom.
  5129 | D:6      | Reached XP level 8. HP: 48/60 MP: 12/12
  5230 | D:6      | Reached * piety under Cheibriados
  5493 | D:6      | Reached XP level 9. HP: 34/65 MP: 14/14
  5713 | D:6      | Reached ** piety under Cheibriados
  5887 | D:6      | Found Zinyh's General Store.
  6060 | D:6      | Identified a scroll of acquirement
  6062 | D:6      | Found the +2 Maxwell's thermic engine {flame, freeze, rF- rC-}
  6104 | D:6      | Found a blossoming altar of Fedhas.
  6128 | D:7      | Noticed Pikel
  6128 | D:7      | Noticed Nib's ghost (novice OpAs)
  6138 | D:6      | Killed Pikel
  6138 | D:6      | Reached skill level 5 in Fighting
  6138 | D:6      | Reached skill level 5 in Throwing
  6138 | D:6      | Reached skill level 5 in Armour
  6138 | D:6      | Reached skill level 5 in Shields
  6155 | D:7      | Killed Nib's ghost
  6155 | D:7      | Reached skill level 5 in Invocations
  6191 | D:7      | Noticed Duvessa
  6192 | D:7      | Noticed Dowan
  6209 | D:7      | Killed Duvessa
  6223 | D:7      | Killed Dowan
  6223 | D:7      | Reached XP level 10. HP: 57/73 MP: 17/17
  6476 | D:7      | Noticed Joseph
  6493 | D:7      | Killed Joseph
  6808 | D:7      | Found Lulibrin's Armour Shop.
  7046 | D:8      | Reached skill level 5 in Short Blades
  7046 | D:8      | Reached skill level 5 in Long Blades
  7046 | D:8      | Reached skill level 5 in Axes
  7046 | D:8      | Reached skill level 5 in Maces & Flails
  7046 | D:8      | Reached skill level 5 in Polearms
  7046 | D:8      | Reached skill level 5 in Slings
  7046 | D:8      | Reached skill level 5 in Crossbows
  7046 | D:8      | Reached skill level 5 in Stealth
  7046 | D:8      | Reached skill level 5 in Unarmed Combat
  7046 | D:8      | Reached skill level 5 in Spellcasting
  7046 | D:8      | Reached skill level 5 in Evocations
  7136 | D:8      | Reached *** piety under Cheibriados
  7396 | D:8      | Found a burning altar of Makhleb.
  7706 | D:9      | Noticed a two-headed ogre
  7711 | D:9      | Killed a two-headed ogre
  7852 | D:9      | Reached XP level 11. HP: 81/81 MP: 19/19
  7919 | D:9      | Reached **** piety under Cheibriados
  7942 | D:9      | Noticed a two-headed ogre
  7956 | D:9      | Killed a two-headed ogre
  7987 | D:9      | Found an iron altar of Okawaru.
  7997 | D:9      | Noticed Psyche
  8003 | D:9      | Killed Psyche
  8199 | D:9      | Found a staircase to the Orcish Mines.
  8209 | Orc:1    | Entered Level 1 of the Orcish Mines
  8215 | Orc:1    | Reached ***** piety under Cheibriados
  8227 | Orc:1    | Reached skill level 5 in Conjurations
  8227 | Orc:1    | Reached skill level 5 in Hexes
  8227 | Orc:1    | Reached skill level 5 in Charms
  8227 | Orc:1    | Reached skill level 5 in Summonings
  8227 | Orc:1    | Reached skill level 5 in Necromancy
  8227 | Orc:1    | Reached skill level 5 in Translocations
  8227 | Orc:1    | Reached skill level 5 in Transmutations
  8227 | Orc:1    | Reached skill level 5 in Fire Magic
  8227 | Orc:1    | Reached skill level 5 in Ice Magic
  8227 | Orc:1    | Reached skill level 5 in Air Magic
  8227 | Orc:1    | Reached skill level 5 in Earth Magic
  8227 | Orc:1    | Reached skill level 5 in Poison Magic
  8313 | D:7      | Bought the +2 shield of Resistance {rF+ rC+ MR+} for 616 gold pieces
  8313 | D:7      | Found the +2 shield of Resistance {rF+ rC+ MR+}
  8400 | D:10     | Entered Level 10 of the Dungeon
  8400 | D:10     | Noticed Snorg
  8415 | D:10     | Killed Snorg
  9203 | D:10     | Noticed a two-headed ogre
  9211 | D:10     | Killed a two-headed ogre
  9605 | D:11     | Noticed a green ugly thing
  9612 | D:11     | Killed a green ugly thing
  9969 | D:11     | Noticed a manticore
  9975 | D:11     | Killed a manticore
  9975 | D:11     | Reached XP level 12. HP: 79/91 MP: 22/22
 10086 | D:11     | Found a staircase to the Lair.
 10588 | D:12     | Reached ****** piety under Cheibriados
 10626 | D:12     | Noticed an eight-headed hydra
 10632 | D:12     | Killed a six-headed hydra
 11337 | D:12     | Noticed a six-headed hydra
 11341 | D:12     | Killed a four-headed hydra
 11583 | Lair:1   | Entered Level 1 of the Lair of Beasts
 11583 | Lair:1   | Noticed Grum
 11591 | Lair:1   | Killed Grum
 11591 | Lair:1   | Reached XP level 13. HP: 92/98 MP: 24/24
 12711 | Lair:2   | Found a hole to the Spider Nest.
 13333 | Lair:2   | Got an encrusted ring mail
 13344 | Lair:2   | Identified the +1 ring mail of the Peasants {MR++ Dex+2} (You found it on level 2 of the Lair of Beasts)
 13759 | Lair:3   | Noticed a dire elephant
 14204 | Lair:3   | Reached XP level 14. HP: 78/108 MP: 26/26
 14384 | Lair:3   | Killed a dire elephant
 14925 | Lair:4   | Found a labyrinth entrance.
 14929 | Lair:4   | Reached skill level 10 in Staves
 14929 | Lair:4   | Reached skill level 10 in Bows
 14929 | Lair:4   | Reached skill level 10 in Dodging
 14960 | Lab      | Entered a labyrinth
 15146 | Lab      | Identified Sif Muna's Guide on the Excruciating Mountains
 15147 | Lab      | Found the +11 plutonium sword {*Contam Stlth-}
 15155 | Lab      | Got a scintillating pewter amulet
 15156 | Lab      | Identified the amulet "Juhas" {Regen+ Int+2} (You found it in a labyrinth)
 15638 | Lair:4   | Found a staircase to the Shoals.
 15706 | Lair:4   | Found a white marble altar of Elyvilon.
 16169 | Lair:5   | Reached skill level 10 in Invocations
 16817 | Lair:6   | Entered Level 6 of the Lair of Beasts
 17051 | Lair:6   | Reached XP level 15. HP: 59/115 MP: 28/28
 17215 | Lair:6   | Reached skill level 10 in Fighting
 17215 | Lair:6   | Reached skill level 10 in Throwing
 17215 | Lair:6   | Reached skill level 10 in Armour
 17215 | Lair:6   | Reached skill level 10 in Shields
 17219 | Lair:6   | Got a jewelled shortbow
 17220 | Lair:6   | Identified the cursed +3 shortbow "Seucaco" {freeze, *Contam rPois MP+9 SInv} (You found it on level 6 of the Lair of Beasts)
 17647 | Lair:6   | Found a staircase to the Slime Pits.
 17648 | Lair:6   | Found a viscous altar of Jiyva.
 17784 | Lair:6   | Found the ring of Shadows {Umbra +Inv Stlth+}
 17790 | Lair:6   | Got a flickering ruby amulet
 17793 | Lair:6   | Identified the Compendium of the Arsonist and Stones
 17798 | Lair:6   | Identified the amulet "Duociebb" {+Rage rC+ rN+ Str-2 Dex+3 SInv} (You found it on level 6 of the Lair of Beasts)
 18228 | D:13     | Noticed Anon1729's ghost (journeyman DsFE)
 18242 | D:13     | Killed Anon1729's ghost
 18379 | D:13     | Noticed Kirke
 18383 | D:13     | Noticed a sphinx
 18390 | D:13     | Killed Kirke
 18390 | D:13     | Reached skill level 10 in Short Blades
 18390 | D:13     | Reached skill level 10 in Long Blades
 18390 | D:13     | Reached skill level 10 in Axes
 18390 | D:13     | Reached skill level 10 in Maces & Flails
 18390 | D:13     | Reached skill level 10 in Polearms
 18390 | D:13     | Reached skill level 10 in Slings
 18390 | D:13     | Reached skill level 10 in Crossbows
 18390 | D:13     | Reached skill level 10 in Stealth
 18390 | D:13     | Reached skill level 10 in Unarmed Combat
 18390 | D:13     | Reached skill level 10 in Spellcasting
 18390 | D:13     | Reached skill level 10 in Evocations
 18445 | D:13     | Noticed Urug
 18453 | D:13     | Killed Urug
 18522 | D:13     | Found Bitur's Weapon Emporium.
 18842 | D:14     | Found a gate to the Vaults.
 18881 | D:14     | Got a pair of jewelled gloves
 18892 | D:14     | Identified the +1 pair of gloves of Adallitido {rF+} (You found it on level 14 of the Dungeon)
 18943 | D:14     | Noticed Roxanne
 19887 | D:14     | Killed Roxanne
 19888 | D:14     | Identified Roxanne's Grimoire of the Mountains (You took it off Roxanne on level 14 of the Dungeon)
 20063 | D:15     | Entered Level 15 of the Dungeon
 20227 | D:15     | Noticed Blork the orc
 20236 | D:15     | Found a deep blue altar of Sif Muna.
 20256 | D:15     | Killed Blork the orc
 20544 | D:15     | Noticed Louise
 20569 | D:15     | Killed Louise
 20569 | D:15     | Reached XP level 16. HP: 114/124 MP: 30/30
 20796 | D:15     | Found a staircase to the Depths.
 21419 | Orc:1    | Learned a level 2 spell: Blink
 21422 | Orc:1    | Learned a level 2 spell: Passwall
 21426 | Orc:1    | Learned a level 3 spell: Lesser Beckoning
 21431 | Orc:1    | Found a roughly hewn altar of Beogh.
 21937 | Orc:1    | Found a roughly hewn altar of Beogh.
 22135 | Orc:2    | Entered Level 2 of the Orcish Mines
 22332 | Orc:2    | Found a roughly hewn altar of Beogh.
 22478 | Orc:2    | Found Otaeg's General Store.
 22482 | Orc:2    | Bought a potion of heal wounds for 70 gold pieces
 22482 | Orc:2    | Bought a +0 cloak of poison resistance for 119 gold pieces
 22486 | Orc:2    | Found Zysaowk's Jewellery Shoppe.
 22504 | Orc:2    | Bought an uncursed ring of poison resistance for 320 gold pieces
 22561 | Orc:2    | Found a roughly hewn altar of Beogh.
 22616 | Orc:2    | Found Cuabadgh's General Store.
 22616 | Orc:2    | Found Sysmam's Food Shoppe.
 22827 | Orc:2    | Found Soxtomem's Assorted Antiques.
 22869 | Orc:2    | Found a staircase to the Elven Halls.
 23380 | Spider:1 | Entered Level 1 of the Spider Nest
 23787 | Spider:1 | Learned a level 5 spell: Silence
 24130 | Spider:1 | Found a runed door.
 24376 | Spider:1 | Reached XP level 17. HP: 126/131 MP: 32/32
 25244 | Spider:3 | Noticed RoseArtemis's ghost (adept MiFi)
 25261 | Spider:3 | HP: 4/132 [disintegration (43)]
 25486 | Spider:3 | Killed RoseArtemis's ghost
 26161 | Spider:4 | Entered Level 4 of the Spider Nest
 26639 | Spider:4 | Noticed Arachne
 26652 | Spider:4 | Reached skill level 10 in Conjurations
 26652 | Spider:4 | Reached skill level 10 in Hexes
 26652 | Spider:4 | Reached skill level 10 in Charms
 26652 | Spider:4 | Reached skill level 10 in Summonings
 26652 | Spider:4 | Reached skill level 10 in Necromancy
 26652 | Spider:4 | Reached skill level 10 in Translocations
 26652 | Spider:4 | Reached skill level 10 in Transmutations
 26652 | Spider:4 | Reached skill level 10 in Fire Magic
 26652 | Spider:4 | Reached skill level 10 in Ice Magic
 26652 | Spider:4 | Reached skill level 10 in Air Magic
 26652 | Spider:4 | Reached skill level 10 in Earth Magic
 26652 | Spider:4 | Reached skill level 10 in Poison Magic
 26654 | Spider:4 | Killed Arachne
 26654 | Spider:4 | Reached XP level 18. HP: 116/140 MP: 23/33
 27358 | Spider:4 | Got a gossamer rune of Zot
 27565 | Shoals:1 | Entered Level 1 of the Shoals
 27568 | Shoals:1 | Noticed Josephine
 27573 | Shoals:1 | Killed Josephine
 27599 | Shoals:1 | Noticed Donald
 27622 | Lair:4   | Killed Donald
 30067 | Shoals:3 | Reached XP level 19. HP: 128/147 MP: 35/35
 30971 | Shoals:4 | Entered Level 4 of the Shoals
 30974 | Shoals:4 | Noticed Moloch's ghost (adept MiFi)
 30998 | Shoals:4 | Killed Moloch's ghost
 31790 | Shoals:4 | Noticed Ilsuiw
 32463 | Shoals:4 | Noticed Amnesiac's ghost (adept TeAE)
 32717 | Shoals:4 | Killed Amnesiac's ghost
 33466 | Shoals:4 | Got a barnacled rune of Zot
 33600 | Shoals:4 | Killed Ilsuiw
 34083 | Vaults:1 | Entered Level 1 of the Vaults
 34281 | Vaults:1 | Noticed Aizul
 34299 | Vaults:1 | Killed Aizul
 34308 | Vaults:1 | Shot with a bolt by a yaktaur captain

Vault maps used:
D:1:      dpeg_arrival_pond
D:2:      nicolae_qazlal_eye_of_the_storm, bloody_trog,
          nicolae_overflow_crystal_walls
D:3:      lemuel_doored_altar, minmay_misc_feat_chi
D:4:      yredelemnul_altar_generic, serial_glass, glass_columns_a,
          glass_columns_c, serial_shops, shop, kennysheep_little_box, shop
D:5:      hangedman_ru_absence, minmay_temple_entry_overgrown, first_ration
D:6:      marbit_many_paths, xom_confusion_cloud, serial_shops,
          nicolae_shop_stone, grunt_tough_drop
D:7:      serial_shops, shop_fountains, uniq_duvessa, uniq_pikel, uniq_joseph
D:8:      overflow_temple_1_default, grunt_ogre_cave, kennysheep_generic_room_16
D:9:      lemuel_coloured_pillars_altar, orc_0_dummy, grunt_decor_one_mirror,
          minmay_stone_trees_small, uniq_psyche
D:10:     uniq_snorg
D:11:     erik_lair_dragon
D:12:     minivault_25
D:13:     serial_shops, shop, uniq_urug, uniq_kirke
D:14:     david_vaults_2, nicolae_wwwww, portal_ice_cave_rime,
          dk_noncrumbling_4, lemuel_flamethrower_3, uniq_roxanne
D:15:     grunt_enter_depths_magical_seal, serial_bayou_ford_a,
          nrook_mini_backslash, grunt_ministairs_8, tgw_sif, uniq_louise
Temple:   hc_temple_tempest_star
Lair:1:   minmay_lair_oklob_items, beast_lair_carwin_5, uniq_grum
Lair:2:   nicolae_spider_entry_orb_guardian, cheibrodos_lair_lostbears
Lair:3:   mu_elephants_graveyard, minmay_lair_oklob_chamber
Lair:4:   minmay_shoals_entry_hut, lab_entry_generic, basic_altar,
          beast_lair_carwin_1
Lair:5:   grunt_megastairs_5
Lair:6:   minmay_lair_end_frog_pond, slime_altar_1
Shoals:1: nicolae_shoals_seven_spires, st_shoals_ruin, uniq_donald,
          uniq_josephine
Shoals:3: nicolae_shoals_drake_roost
Shoals:4: shoals_end_simple, shoals_ilsuiw_alternative
Spider:1: cheibrodos_spider_deadly_dance
Spider:2: nicolae_spider_cling_ruins
Spider:4: johnstein_spider_rune_arachne_lair, spider_trap
Orc:1:    nicolae_orc_accident_3, basic_altar, special_room
Orc:2:    st_orc_town, serial_shops, shop, basic_altar, mines_bat_river
Vaults:1: v_misc_9, nicolae_vaults_network_star, vaults_room_ringed_pool,
          v_misc_18, ontoclasm_vaults_loading_screen, v_misc_4,
          nicolae_vaults_three_branches, nicolae_vaults_little_squares_2,
          nicolae_vaults_diagonal_hallway_6, v_alt_pattern_2,
          portal_desolation_entry_nicolae_slug, uniq_nikola, uniq_aizul
Lab:      labyrinth_watery, nicolae_lab_t_cross, nicolae_lab_x,
          nicolae_lab_diamond

Skill      XL: |  1  2  3  4  5  6  7  8  9 10 11 12 13 14 15 16 17 18 19 |
---------------+----------------------------------------------------------+-----
Invocations    | 1 2 3 4 5 6 7 8 9 10 11 12 13 | 13.9
Short Blades   | 1 2 3 4 5 6 7 8 9 10 11 12 | 12.9
Long Blades    | 1 2 3 4 5 6 7 8 9 10 11 12 | 12.9
Axes           | 1 2 3 4 5 6 7 8 9 10 11 12 | 12.9
Maces & Flails | 1 2 3 4 5 6 7 8 9 10 11 12 | 12.9
Polearms       | 1 2 3 4 5 6 7 8 9 10 11 12 | 12.9
Slings         | 1 2 3 4 5 6 7 8 9 10 11 12 | 12.9
Crossbows      | 1 2 3 4 5 6 7 8 9 10 11 12 | 12.9
Stealth        | 1 2 3 4 5 6 7 8 9 10 11 12 | 12.9
Unarmed Combat | 1 2 3 4 5 6 7 8 9 10 11 12 | 12.9
Spellcasting   | 1 2 3 4 5 6 7 8 9 10 11 12 | 12.9
Evocations     | 1 2 3 4 5 6 7 8 9 10 11 12 | 12.9
Conjurations   | 1 2 3 4 5 6 7 8 9 10 11 | 11.0
Hexes          | 1 2 3 4 5 6 7 8 9 10 11 | 11.0
Charms         | 1 2 3 4 5 6 7 8 9 10 11 | 11.0
Summonings     | 1 2 3 4 5 6 7 8 9 10 11 | 11.0
Necromancy     | 1 2 3 4 5 6 7 8 9 10 11 | 11.0
Translocations | 1 2 3 4 5 6 7 8 9 10 11 | 11.0
Transmutations | 1 2 3 4 5 6 7 8 9 10 11 | 11.0
Fire Magic     | 1 2 3 4 5 6 7 8 9 10 11 | 11.0
Ice Magic      | 1 2 3 4 5 6 7 8 9 10 11 | 11.0
Air Magic      | 1 2 3 4 5 6 7 8 9 10 11 | 11.0
Earth Magic    | 1 2 3 4 5 6 7 8 9 10 11 | 11.0
Poison Magic   | 1 2 3 4 5 6 7 8 9 10 11 | 11.0
Fighting       | 3 4 5 6 7 8 9 10 11 12 13 | 13.1
Throwing       | 3 4 5 6 7 8 9 10 11 12 13 | 13.1
Armour         | 3 4 5 6 7 8 9 10 11 12 13 | 13.1
Shields        | 3 4 5 6 7 8 9 10 11 12 13 | 13.1
Staves         | 5 6 7 8 9 10 11 12 13 | 13.5
Bows           | 5 6 7 8 9 10 11 12 13 | 13.5
Dodging        | 5 6 7 8 9 10 11 12 13 | 13.5

Action                   |  1- 3 |  4- 6 |  7- 9 | 10-12 | 13-15 | 16-18 | 19-21 || total
-------------------------+-------+-------+-------+-------+-------+-------+-------++-------
Melee: Quarterstaff      |   112 |   151 |   214 |    41 |       |       |       ||   518
       Bite              |    13 |    29 |    36 |   114 |   235 |   313 |    98 ||   838
       Double sword      |       |       |    18 |   394 |   901 |  1329 |   392 ||  3034
       Trident           |       |       |       |    39 |       |       |       ||    39
       Punch             |       |       |       |     1 |       |       |       ||     1
 Fire: Shortbow          |       |       |    23 |       |       |       |       ||    23
Throw: Tomahawk          |       |    13 |    18 |    12 |    15 |    14 |       ||    72
       Javelin           |       |       |       |       |       |     3 |    41 ||    44
 Cast: Passwall          |       |       |       |       |       |     4 |       ||     4
Invok: Slouch            |       |       |       |     2 |     3 |    25 |     8 ||    38
       Step From Time    |       |       |       |       |     1 |       |       ||     1
       Temporal Distorti |       |       |       |       |       |       |     2 ||     2
Evoke: Wand              |       |       |       |     1 |    12 |     7 |     5 ||    25
  Use: Potion            |       |     2 |       |     3 |     3 |     2 |     4 ||    14
       Scroll            |       |     9 |     5 |     9 |     9 |    10 |     5 ||    47
 Stab: Petrified         |       |       |       |       |     4 |       |       ||     4
  Eat: Chunk             |       |     9 |     4 |    13 |    10 |    17 |     3 ||    56
       Ration            |       |       |     1 |       |     3 |     2 |     1 ||     7
Armor: Scale mail        |    65 |    66 |    22 |       |       |       |       ||   153
       Skin              |       |     8 |     1 |       |       |       |       ||     9
       Chain mail        |       |       |    78 |       |       |       |       ||    78
       Plate armour      |       |       |    27 |   246 |    29 |       |       ||   302
       Crystal plate arm |       |       |       |       |   326 |   638 |   201 ||  1165
Dodge: Dodged            |    96 |    86 |   105 |   292 |   378 |   863 |   255 ||  2075
Block: Shield            |       |       |       |   292 |   894 |  1493 |   465 ||  3144
       Rpst.: Double sword |       |       |     3 |    54 |    87 |   167 |    50 ||   361

Table legend:
 A = Spawn XP
 B = Non-spawn XP
 C = Spawn XP percentage of total XP
 D = Spawn monster count
 E = Non-spawn monster count
 F = Spawn count percentage of total count
 G = Total turns spent on level
                    A         B        C        D         E        F      G
               +---------+---------+-------+---------+---------+-------+---------
         Total |       0 |  389806 |   0.0 |       0 |    1278 |   0.0 | 34308
               +---------+---------+-------+---------+---------+-------+---------
           D:1 |       0 |      47 |   0.0 |       0 |      25 |   0.0 |   641
           D:2 |       0 |      35 |   0.0 |       0 |      14 |   0.0 |  1102
           D:3 |       0 |     103 |   0.0 |       0 |      13 |   0.0 |   646
           D:4 |       0 |     218 |   0.0 |       0 |      16 |   0.0 |  1655
           D:5 |       0 |     554 |   0.0 |       0 |      10 |   0.0 |   936
           D:6 |       0 |    2622 |   0.0 |       0 |      36 |   0.0 |  1074
           D:7 |       0 |    1958 |   0.0 |       0 |      12 |   0.0 |   932
           D:8 |       0 |    2455 |   0.0 |       0 |      24 |   0.0 |   701
           D:9 |       0 |    2934 |   0.0 |       0 |      28 |   0.0 |   693
          D:10 |       0 |    5077 |   0.0 |       0 |      25 |   0.0 |  1238
          D:11 |       0 |    6217 |   0.0 |       0 |      40 |   0.0 |  1319
          D:12 |       0 |    8508 |   0.0 |       0 |      46 |   0.0 |  1005
          D:13 |       0 |   12572 |   0.0 |       0 |      39 |   0.0 |   668
          D:14 |       0 |    6409 |   0.0 |       0 |      18 |   0.0 |  1286
          D:15 |       0 |   14670 |   0.0 |       0 |      38 |   0.0 |  1060
        Lair:1 |       0 |    4455 |   0.0 |       0 |      22 |   0.0 |  1049
        Lair:2 |       0 |    4111 |   0.0 |       0 |      15 |   0.0 |  1094
        Lair:3 |       0 |   18044 |   0.0 |       0 |      47 |   0.0 |  1383
        Lair:4 |       0 |   15130 |   0.0 |       0 |      34 |   0.0 |  1446
        Lair:5 |       0 |    3888 |   0.0 |       0 |      16 |   0.0 |   702
        Lair:6 |       0 |   25589 |   0.0 |       0 |      90 |   0.0 |  1193
      Shoals:1 |       0 |   19846 |   0.0 |       0 |      36 |   0.0 |   604
      Shoals:2 |       0 |   11216 |   0.0 |       0 |      23 |   0.0 |  1110
      Shoals:3 |       0 |   24901 |   0.0 |       0 |      47 |   0.0 |  1670
      Shoals:4 |       0 |   47594 |   0.0 |       0 |      68 |   0.0 |  2582
      Spider:1 |       0 |   27433 |   0.0 |       0 |      68 |   0.0 |  1074
      Spider:2 |       0 |   25681 |   0.0 |       0 |      69 |   0.0 |  1072
      Spider:3 |       0 |   17613 |   0.0 |       0 |      45 |   0.0 |   695
      Spider:4 |       0 |   47353 |   0.0 |       0 |      96 |   0.0 |  1245
         Orc:1 |       0 |   11609 |   0.0 |       0 |     103 |   0.0 |   901
         Orc:2 |       0 |    9822 |   0.0 |       0 |      98 |   0.0 |  1021
      Vaults:1 |       0 |    9934 |   0.0 |       0 |      16 |   0.0 |   225
           Lab |       0 |    1208 |   0.0 |       0 |       1 |   0.0 |   202
               +---------+---------+-------+---------+---------+-------+---------
